 Dungeon Crawl Stone Soup version 0.31-a0-152-g6aa68a64a1 (webtiles) character file.

Game seed: 10855058152302143086

68 qw the Shooter (level 4, -1/40 HPs)
             Began as a Naga Hunter on June 9, 2023.
             Slain by an ogre
             ... wielding a +0 giant spiked club
              (24 damage)
             ... on level 3 of the Dungeon.
             The game lasted 00:00:31 (1603 turns).

qw the Shooter (Naga Hunter)                        Turns: 1603, Time: 00:00:32

Health: -1/40      AC:  3    Str: 16    XL:     4   Next: 19%
Magic:  0/4        EV:  9    Int:  9    God:
Gold:   112        SH:  0    Dex: 17    Spells: 3/3 levels left

rFire   . . .        Y - +0 shortbow
rCold   . . .        (shield currently unavailable)
rNeg    . . .        c - +0 leather armour
rPois   +            (no helmet)
rElec   .            a - +0 cloak of the Bespelling Gods {Str+3}
rCorr   .            (no gloves)
SInv    +            (no barding)
Will    .....        e - amulet of guardian spirit
Stlth   ++           (no ring)
HPRegen 0.26/turn    (no ring)
MPRegen 0.09/turn

%: guardian spirit
@: short of breath, very slow
A: AC +1, large, see invisible, deformed body, poison resistance, slowness 2,
spit poison 1, naga tail 1
a: Spit Poison


You were on level 3 of the Dungeon.
You visited 1 branch of the dungeon, and saw 3 of its levels.

You collected 112 gold pieces.


Innate Abilities, Weirdness & Mutations

Your serpentine skin is tough. (AC +1)
You have supernaturally acute eyesight. (SInv)
Armour fits poorly on your strangely shaped body.
Your system is resistant to poisons. (rPois)
You cover ground very slowly.
You can spit poison.
You have a snake-like lower body.


   Skills:
 + Level 2.3 Fighting
 - Level 5.0 Ranged Weapons
 - Level 1.5 Dodging
 - Level 1.5 Stealth


You had 3 spell levels left.
You didn't know any spells.
Your spell library was empty.

Inventory:

Hand Weapons
 Y - a +0 shortbow (weapon)
Armour
 a - the +0 cloak of the Bespelling Gods (worn) {Str+3}
   (You found it on level 2 of the Dungeon)

   Str:       It affects your strength (+3).
 c - a +0 leather armour (worn)
Jewellery
 e - an amulet of guardian spirit (around neck)
Potions
 d - a potion of attraction {unknown}
 f - a potion of enlightenment {unknown}
 g - a potion of might {unknown}
 h - a potion of lignification {unknown}

Dungeon Overview and Level Annotations

Branches:
Dungeon (3/15)

Altars:

Shops:
D:1 ((


Message History

You assume a fearsome visage.
Nothing appears to happen.
It was a scroll of fear.
Done exploring.
1550 ||| DRINKING 2 fizzy pink potions.
It was a potion of brilliance.
You feel clever all of a sudden.
Done exploring.
1551 ||| DROPPING potion of brilliance.
You drop a potion of brilliance.
Done exploring.
(D) Dungeon
Where to? (* - list waypoints, Enter - D:2, ? - help)
What level of the Dungeon? (default 1, ? - help)
Things that are here:
a +0 hand axe; a scroll of blinking; a goblin corpse You see here a +0 club.
You feel a little less clever now.
There is a stone staircase leading down here.
You climb downwards.
Found a scroll labelled EGGOTHUNOI.
There is a stone staircase leading up here.
Waypoint 2 assigned to D:3.
An ogre comes into view. It is wielding a +0 giant spiked club.
You see here a scroll labelled EGGOTHUNOI.
1600 ||| INVOKING Spit Poison.
Aiming: Spit Poison (1% risk of failure)
Press: ? - help, Shift-Dir - straight line, f - ogre The splash of poison hits the ogre.
The ogre is poisoned.
The ogre is lightly wounded.
You shoot an arrow.
The arrow hits the ogre but does no damage.
The ogre is lightly wounded.
The ogre barely misses you.
You shoot an arrow. The arrow hits the ogre.
The ogre is moderately wounded.
The ogre hits you with a +0 giant spiked club!!
You shoot an arrow.
The arrow hits the ogre but does no damage.
The ogre is moderately wounded.
The ogre hits you with a +0 giant spiked club!!
Ouch! That really hurt!
You die...

... # ..#
#. ..#
.###..
..#.#
#.#.#
###...#
#@..<#
#.O#.....#
#.######.#
#. .# .. #
... ....
.#.##


You could see an ogre (poisoned).

Vanquished Creatures
  A gnoll (D:1)
  2 adders (D:2)
  3 worms (D:2)
  A ball python (D:2)
  4 endoplasms
  A giant cockroach (D:1)
  2 goblins (D:2)
  4 hobgoblins
  4 kobolds
  3 bats
  10 rats (D:2)
35 creatures vanquished.

Vanquished Creatures (others)
  A hobgoblin (D:3)
1 creature vanquished.

Grand Total: 36 creatures vanquished

Notes
Turn   | Place    | Note
-------+----------+-------------------------------------------
     0 | D:1      | qw the Naga Hunter began the quest for the Orb.
     0 | D:1      | Reached XP level 1. HP: 19/19 MP: 1/1
     0 | D:1      | 0 ||| qw: Version: 0.2-a-122-gbc61b45
     0 | D:1      | 0 ||| qw: Game counter: 3296
     0 | D:1      | 0 ||| qw: Always use a shield: true
     0 | D:1      | 0 ||| qw: God list: Okawaru
     0 | D:1      | 0 ||| qw: Allow faded altars: false
     0 | D:1      | 0 ||| qw: Do Orc after D:15 true
     0 | D:1      | 0 ||| qw: Do second Lair branch before Depths: true
     0 | D:1      | 0 ||| qw: Lair rune preference: random
     0 | D:1      | 0 ||| qw: Plans: Normal
     0 | D:1      | 0 ||| PLANNING D:1-11
    35 | D:1      | 35 ||| INVOKING Spit Poison.
    91 | D:1      | Found Kismowni's Weapon Emporium.
    94 | D:1      | Found Viread's Antique Weapon Boutique.
   117 | D:1      | 117 ||| SHOPLISTING smoking orcbow (153 gold, have 16).
   137 | D:1      | 137 ||| INVOKING Spit Poison.
   149 | D:1      | 149 ||| INVOKING Spit Poison.
   182 | D:1      | 182 ||| INVOKING Spit Poison.
   206 | D:1      | Found Jayrin's General Store.
   232 | D:1      | 232 ||| INVOKING Spit Poison.
   235 | D:1      | HP: 3/19 [gnoll/+0 flail (6)]
   237 | D:1      | 237 ||| INVOKING Spit Poison.
   239 | D:1      | Reached skill level 4 in Ranged Weapons
   239 | D:1      | Reached XP level 2. HP: 6/26 MP: 2/2
   347 | D:1      | 347 ||| INVOKING Spit Poison.
   416 | D:1      | 416 ||| INVOKING Spit Poison.
   554 | D:1      | 554 ||| INVOKING Spit Poison.
   557 | D:1      | Reached XP level 3. HP: 32/32 MP: 3/3
   798 | D:1      | 798 ||| UPGRADING to amulet of guardian spirit.
   803 | D:1      | 803 ||| DROPPING ring of magical power.
   804 | D:1      | 804 ||| READING scroll labelled PEUFO AG UGI.
   805 | D:1      | 805 ||| READING scroll labelled RABIDWUOSO.
   806 | D:1      | 806 ||| READING scroll labelled RUXKYN INONOFECYRI.
   807 | D:1      | 807 ||| READING scroll labelled ZUODAG KUACE.
   810 | D:1      | 810 ||| READING scroll labelled GASTRES DUXA.
   811 | D:1      | 811 ||| DROPPING scroll of butterflies.
   860 | D:2      | 860 ||| INVOKING Spit Poison.
   901 | D:2      | 901 ||| INVOKING Spit Poison.
   931 | D:2      | 931 ||| INVOKING Spit Poison.
   939 | D:2      | 939 ||| INVOKING Spit Poison.
   943 | D:2      | 943 ||| INVOKING Spit Poison.
   957 | D:2      | Identified the +0 cloak of the Bespelling Gods {Str+3}
   962 | D:2      | 962 ||| INVOKING Spit Poison.
   963 | D:2      | 963 ||| INVOKING Spit Poison.
   980 | D:2      | 980 ||| INVOKING Spit Poison.
   992 | D:2      | 992 ||| INVOKING Spit Poison.
  1001 | D:2      | 1001 ||| INVOKING Spit Poison.
  1048 | D:2      | 1048 ||| INVOKING Spit Poison.
  1051 | D:2      | 1051 ||| INVOKING Spit Poison.
  1061 | D:2      | 1061 ||| INVOKING Spit Poison.
  1063 | D:2      | Reached skill level 5 in Ranged Weapons
  1064 | D:2      | Reached XP level 4. HP: 39/39 MP: 4/4
  1067 | D:2      | 1067 ||| INVOKING Spit Poison.
  1071 | D:2      | 1071 ||| INVOKING Spit Poison.
  1110 | D:2      | 1110 ||| INVOKING Spit Poison.
  1121 | D:2      | 1121 ||| INVOKING Spit Poison.
  1519 | D:2      | 1519 ||| INVOKING Spit Poison.
  1532 | D:2      | 1532 ||| INVOKING Spit Poison.
  1535 | D:2      | 1535 ||| INVOKING Spit Poison.
  1543 | D:2      | 1543 ||| INVOKING Spit Poison.
  1544 | D:2      | 1544 ||| UPGRADING to +0 cloak of the Bespelling Gods
                  | {Str+3}.
  1549 | D:2      | 1549 ||| READING scroll labelled ZYETUU VEUHUJ.
  1550 | D:2      | 1550 ||| DRINKING 2 fizzy pink potions.
  1551 | D:2      | 1551 ||| DROPPING potion of brilliance.
  1599 | D:3      | Noticed an ogre
  1600 | D:3      | 1600 ||| INVOKING Spit Poison.
  1603 | D:3      | Slain by an ogre

Levels and vault maps discovered:
D:1:      lemuel_arrival_river_ford, layout_loops_ring, serial_shops,
          nicolae_shop_window_shopping, shop, nicolae_shop_waterfront,
          hangedman_decor_peaks_small
D:2:      layout_loops_ring, fountainhead, minmay_rat_gold_closets
D:3:      layout_rooms, fiery_altar_vehumet, nicolae_ecumenical_snake_handling,
          uniq_ijyb

Skill      XL: |  1  2  3 |
---------------+----------+-----
Ranged Weapons | 4 5 |  5.0
Fighting       | |  2.3
Dodging        | |  1.5
Stealth        | |  1.5

Action                     |  1- 3 |  4- 6 || total
---------------------------+-------+-------++-------
   Fire: Shortbow          |    44 |    18 ||    62
Ability: Spit Poison       |    21 |     9 ||    30
    Use: Scroll            |     5 |     1 ||     6
         Potion            |       |     1 ||     1
 Armour: Leather armour    |     1 |     1 ||     2
  Dodge: Dodged            |     6 |     3 ||     9

Table legend:
 A = Non-vault XP
 B = Vault XP
 C = Vault XP percentage of total XP
 D = Non-vault monster count
 E = Vault monster count
 F = Vault count percentage of total count
                 A         B        C        D         E       F
            +---------+---------+-------+---------+---------+-------
      Total |      89 |       9 |   9.2 |      26 |       9 |  25.7
            +---------+---------+-------+---------+---------+-------
        D:1 |      34 |       0 |   0.0 |      12 |       0 |   0.0
        D:2 |      55 |       9 |  14.1 |      14 |       9 |  39.1
            +---------+---------+-------+---------+---------+-------
